 Dungeon Crawl Stone Soup version 0.16.1-28-gcc2312f (webtiles) character file.

757 dngmouse the Gusty (level 7, -12/36 HPs)
             Began as a Tengu Air Elementalist on May 28, 2015.
             Was a Believer of Qazlal.
             Killed from afar by namelastname112's ghost (28 damage)
             ... with a bolt of negative energy
             ... on level 5 of the Dungeon.
             The game lasted 00:45:53 (4816 turns).

dngmouse the Gusty (Tengu Air Elementalist)         Turns: 4816, Time: 00:45:54

Health: -12/36     AC:  5    Str:  9    XL:     7   Next: 79%
Magic:  20/20      EV: 13    Int: 17    God:    Qazlal [**....]
Gold:   210        SH:  2    Dex: 14    Spells: 4 memorised, 8 levels left

rFire  . . .     SeeInvis .     f - +4 spear (venom)
rCold  + . .     Clarity  .     a - +0 robe
rNeg   . . .     SustAb   .     (no shield)
rPois  .         Gourm    .     d - +1 hat
rElec  .         Spirit   .     m - +1 cloak
rCorr  .         Warding  .     (no gloves)
rMut   .         Stasis   .     (boots unavailable)
MR     .....                    (no amulet)
Stlth  ++........               (no ring)
                                x - ring of protection from cold

@: drained, not resistant to hostile enchantments, unstealthy
A: able to fly, beak, talons 3
a: Fly, Upheaval, Renounce Religion


You were on level 5 of the Dungeon.
You worshipped Qazlal.
Qazlal was pleased with you.
You were very hungry.

You visited 1 branch of the dungeon, and saw 5 of its levels.

You collected 210 gold pieces.

Inventory:

Hand weapons
 e - a +0 blowgun
 f - a +4 spear of venom (weapon)
 r - a +1 flail of holy wrath
Missiles
 i - 29 poisoned needles
 y - 6 curare-tipped needles
Armour
 a - a +0 robe (worn)
 d - a +1 hat (worn)
 m - a +1 cloak (worn)
 F - a +0 pair of boots
Jewellery
 x - a ring of protection from cold (left hand)
Scrolls
 h - a scroll of enchant armour {unknown}
 j - 3 scrolls of identify {unknown}
 k - a scroll of immolation {unknown}
 l - a scroll of teleportation {unknown}
 p - 2 scrolls of blinking {unknown}
 q - a scroll of magic mapping {unknown}
 u - a scroll of noise {unknown}
 v - a scroll of remove curse {unknown}
 B - a scroll of amnesia {unknown}
Potions
 g - 2 potions of might {unknown}
 n - a potion of curing
 o - a potion of invisibility {unknown}
 s - 2 potions of agility {unknown}
 w - 3 potions of cure mutation {unknown}
 z - a potion of flight {unknown}
 E - a potion of haste {unknown}
Books
 b - a book of Air

   Spells                             Type                      Level
   a - Shock                          Conjuration/Air              1
   b - Swiftness                      Charms/Air                   2
   c - Repel Missiles                 Charms/Air                   2
   d - Flight                         Charms/Air                   3
   e - Static Discharge               Conjuration/Air              3
   f - Lightning Bolt                 Conjuration/Air              5
 G - a book of Unlife

   Spells                             Type                      Level
   a - Recall                         Summoning/Translocation      3
   b - Animate Dead                   Necromancy                   4
   c - Control Undead                 Necromancy                   4
   d - Cigotuvi's Embrace             Necromancy                   5
   e - Death Channel                  Necromancy                   6
   f - Simulacrum                     Ice/Necromancy               6
Comestibles
 c - 3 bread rations
 t - 2 beef jerkies
 A - a meat ration
 D - 5 fruits


   Skills:
 + Level 2.7(2.1) Polearms
 + Level 3.8(3.2) Dodging
 - Level 2.0(1.4) Stealth
 - Level 5.0(4.4) Spellcasting
 + Level 1.3(0.8) Conjurations
 + Level 7.9(7.2) Air Magic


You had 8 spell levels left.
You knew the following spells:

 Your Spells              Type           Power        Failure   Level  Hunger
a - Shock                 Conj/Air       ###.         2%          1    None
b - Swiftness             Chrm/Air       ###.....     6%          2    ##.....
c - Static Discharge      Conj/Air       ###.....     10%         3    ###....
d - Repel Missiles        Chrm/Air       ###...       6%          2    ##.....


Dungeon Overview and Level Annotations

Branches:
Dungeon (5/15)
 Temple: D:4-7

Altars:
Cheibriados
Dithmenos
Elyvilon
Makhleb
Qazlal
Xom

Annotations:
D:5 namelastname112's ghost, experienced DrFi


Innate Abilities, Weirdness & Mutations

You can fly.
You have a beak for a mouth.
You have claws for feet.


Message History

Your kick misses namelastname112's ghost.
You peck namelastname112's ghost.
Namelastname112's ghost is almost destroyed.
Namelastname112's ghost hits you.
* * * LOW HITPOINT WARNING * * *
You are poisoned.
The crimson imp misses you.
Drink which item? (? for menu, Esc to quit)
You feel better.
Namelastname112's ghost barely misses you.
The crimson imp blinks!
You hit namelastname112's ghost but do no damage.
Namelastname112's ghost is almost destroyed.
Namelastname112's ghost barely misses you.
You hit namelastname112's ghost but do no damage.
Namelastname112's ghost is almost destroyed.
Namelastname112's ghost breathes negative energy at you.
The bolt of negative energy hits you!
You feel drained.
Ouch! That really hurt!
You die...

. . .#. .. ### .# ..#
####.#### #.# #...5?..#
# #.# #@......# #.. #.#
#W§.....# #..# #.#
#.....%.# #...# #.#
#.......##
##....##.###........#
+......W...............
###...#.#######.#...##
## #.# .##.## #.# .# ##


You could see namelastname112's ghost and a crimson imp.

Vanquished Creatures
  A phantom (D:4)
  A giant frog (D:5)
  A scorpion (D:4)
  A hound (D:4)
  3 orc priests
  Crazy Yiuf (D:3)
  3 orc wizards
  3 worker ants (D:4)
  Ijyb (D:1)
  Terence (D:2)
  8 adders
  A shadow imp (D:5)
  4 worms
  4 giant geckos
  17 orcs
  7 bats
  A bat skeleton (D:4)
  4 giant cockroaches
  5 goblins
  13 hobgoblins
  5 jackals
  A quokka (D:5)
  2 ball pythons (D:3)
  4 giant newts
  A jackal skeleton (D:4)
  15 kobolds
  5 rats
113 creatures vanquished.

Notes
Turn   | Place    | Note
--------------------------------------------------------------
     0 | D:1      | dngmouse, the Tengu Air Elementalist, began the quest for the Orb.
     0 | D:1      | Reached XP level 1. HP: 10/10 MP: 3/3
   282 | D:1      | Reached XP level 2. HP: 15/15 MP: 0/5
   447 | D:1      | Learned a level 2 spell: Swiftness
   671 | D:1      | You fall through a shaft!
   700 | D:2      | Reached skill level 5 in Air Magic
   700 | D:2      | Reached XP level 3. HP: 10/19 MP: 1/7
  1039 | D:2      | Noticed Ijyb
  1061 | D:1      | Killed Ijyb
  1149 | D:2      | Reached XP level 4. HP: 15/24 MP: 5/9
  1327 | D:2      | Learned a level 3 spell: Static Discharge
  1330 | D:2      | Learned a level 2 spell: Repel Missiles
  1457 | D:2      | Found a white marble altar of Elyvilon.
  1460 | D:2      | Found a burning altar of Makhleb.
  1508 | D:2      | Reached skill level 6 in Air Magic
  1632 | D:2      | Noticed Terence
  2039 | D:2      | Killed Terence
  2479 | D:3      | Reached XP level 5. HP: 28/28 MP: 6/13
  2525 | D:3      | Found a stormy altar of Qazlal.
  2532 | D:3      | Became a worshipper of Qazlal Stormbringer
  2647 | D:3      | Reached skill level 7 in Air Magic
  2699 | D:3      | Reached XP level 6. HP: 28/32 MP: 5/15
  3114 | D:3      | Noticed Crazy Yiuf
  3219 | D:3      | Killed Crazy Yiuf
  3308 | D:4      | Acquired Qazlal's first power
  3334 | D:4      | Reached skill level 1 in Polearms
  3436 | D:4      | Reached XP level 7. HP: 27/36 MP: 7/18
  4055 | D:4      | Found a snail-covered altar of Cheibriados.
  4055 | D:4      | Found a shadowy altar of Dithmenos.
  4057 | D:4      | Found a shimmering altar of Xom.
  4490 | D:5      | Entered Level 5 of the Dungeon
  4523 | D:5      | Acquired Qazlal's second power
  4622 | D:5      | Reached skill level 5 in Spellcasting
  4788 | D:5      | Noticed namelastname112's ghost (experienced DrFi)
  4816 | D:5      | Killed from afar by namelastname112's ghost

Action                   |  1- 3 |  4- 6 |  7- 9 || total
-------------------------+-------+-------+-------++-------
Melee: Spear             |    20 |    53 |    45 ||   118
       Dagger            |     5 |       |       ||     5
 Cast: Shock             |    39 |   149 |    72 ||   260
       Swiftness         |       |       |     1 ||     1
  Use: Potion            |       |       |     4 ||     4
 Stab: Distracted        |     1 |       |       ||     1
  Eat: Chunk             |     1 |     8 |     3 ||    12
